 Dungeon Crawl Stone Soup version 0.29-a0-845-g6161e89988 (webtiles) character file.

Game seed: 2817037290735275336

16 omnesmortales the Sneak (level 2, 0/13 HPs)
             Began as a Spriggan Enchanter on July 15, 2022.
             Slain by a gnoll
             ... wielding a +0 whip of holy wrath
              (2 damage)
             ... on level 1 of the Dungeon.
             The game lasted 00:05:39 (1036 turns).

omnesmortales the Sneak (Spriggan Enchanter)        Turns: 1036, Time: 00:05:40

Health: 0/13       AC:  2    Str:  4    XL:     2   Next: 37%
Magic:  1/6        EV: 17    Int: 16    God:
Gold:   34         SH:  0    Dex: 15    Spells: 4/6 levels left

rFire   . . .      SeeInvis +   a - +1 dagger
rCold   . . .      Faith    .   (no shield)
rNeg    . . .      Spirit   .   b - +0 robe
rPois   .          Reflect  .   (helmet restricted)
rElec   .          Harm     .   (no cloak)
rCorr   .          Rampage  .   (gloves unavailable)
Will    .....                   (boots unavailable)
Stlth   +++.......              (no amulet)
HPRegen 0.04/turn               (no ring)
MPRegen 0.10/turn               (no ring)

@: very quick
A: very small, no large weapons, unfitting armour, see invisible, speed 3
a: no special abilities


You were on level 1 of the Dungeon.
You visited 1 branch of the dungeon, and saw 1 of its levels.

You collected 34 gold pieces.

Inventory:

Hand Weapons
 a - a +1 dagger (weapon)
Armour
 b - a +0 robe (worn)
Magical Staves
 d - a staff of poison
Scrolls
 e - a scroll of enchant armour {unknown}
 f - a scroll of identify {unknown}
Potions
 c - 2 potions of invisibility


   Skills:
 + Level 1.1 Short Blades
 + Level 2.8 Dodging
 + Level 4.9 Stealth
 + Level 2.8 Spellcasting
 + Level 4.1 Hexes


You had 4 spell levels left.
You knew the following spells:

 Your Spells              Type           Power      Damage    Failure   Level
a - Ensorcelled Hibernat  Hex/Ice        16%        N/A       12%         2

Your spell library contained the following spells:

 Spells                   Type           Power      Damage    Failure   Level
 Confusing Touch          Hex            15%        N/A       11%         3
 Tukima's Dance           Hex            15%        N/A       11%         3
 Shock                    Conj/Air       8%         1d3       19%         1
 Dazzling Flash           Conj/Hex       16%        N/A       24%         3
 Swiftness                Air            2%         N/A       50%         3
 Airstrike                Air            1%         0-2+      88%         4


Dungeon Overview and Level Annotations

Branches:
Dungeon (1/15)

Altars:


Innate Abilities, Weirdness & Mutations

You are very small and have problems with some larger weapons.
You are too small for most types of armour.
You have supernaturally acute eyesight. (SInv)
You cover ground extremely quickly. (Speed+++)


Message History

You barely miss the jackal.
The jackal is almost dead.
The bat barely misses you. The jackal misses you.
The jackal closely misses you.
Your magical contamination has completely faded away.
You hit the jackal.
You kill the jackal!
The bat misses you. The jackal bites you.
You hit the jackal.
The jackal is almost dead.
The bat hits you. The jackal barely misses you.
You hit the gnoll.
The gnoll is moderately wounded.
The bat hits you. The gnoll barely misses you. The jackal barely misses you.
You hit the gnoll.
The gnoll is heavily wounded.
The bat hits you.
* * * LOW HITPOINT WARNING * * *
The jackal bites you.
* * * LOW HITPOINT WARNING * * *
The gnoll misses you.
Casting: Ensorcelled Hibernation (safe; 12% risk of failure)
Confirm with . or Enter, or press ? or * to list all spells.
You don't have enough magic to cast this spell.
You closely miss the gnoll.
The gnoll is heavily wounded.
The bat hits you.
* * * LOW HITPOINT WARNING * * *
The jackal misses you. The gnoll closely misses you.
You hit the gnoll but do no damage.
The gnoll is heavily wounded.
The jackal completely misses you. The bat barely misses you.
The jackal splashes around in the water.
The gnoll misses you.
You hit the gnoll.
The gnoll is almost dead.
The bat closely misses you.
The jackal splashes around in the water.
The gnoll hits you with a +0 whip of holy wrath.
You die...

#####..............)..####.
....................'..#.
####................####+
+.....................
###.....................
#........................
#.##...Khb...............
#...###8g8###............
#..##b≈≈@h≈≈##...###.....
#.##≈≈≈.P.≈≈≈##....+.....
###≈≈P..8..P≈≈##..##.....
#≈≈≈.......≈≈≈#>.# .....
#≈P.8..<..8.P≈#..# #####
#≈≈≈.......≈≈≈# #
##≈≈P..8..P≈≈##
##≈≈≈.P.≈≈≈## ##≈≈≈.≈≈≈##


You could see a gnoll, 2 jackals, 2 bats and a kobold.

Vanquished Creatures
  A dart slug (D:1)
  A ball python (D:1)
  2 endoplasms (D:1)
  A giant cockroach (D:1)
  A goblin (D:1)
  A hobgoblin (D:1)
  A jackal (D:1)
  A kobold (D:1)
  A frilled lizard (D:1)
  2 rats (D:1)
12 creatures vanquished.

Notes
Turn   | Place    | Note
-------+----------+-------------------------------------------
     0 | D:1      | omnesmortales the Spriggan Enchanter began the quest for
                  | the Orb.
     0 | D:1      | Reached XP level 1. HP: 9/9 MP: 5/5
   236 | D:1      | Reached XP level 2. HP: 11/13 MP: 6/6
   377 | D:1      | Learned a level 2 spell: Ensorcelled Hibernation
  1036 | D:1      | Slain by a gnoll

Illustrated notes

Levels and vault maps discovered:
D:1:      lightli_arrival_statuegarden, layout_basic

Skill      XL: |  1  2 |
---------------+-------+-----
Hexes          | 4 |  4.1
Short Blades   | |  1.1
Dodging        | |  2.8
Stealth        | |  4.9
Spellcasting   | |  2.8

Action                   || total
-------------------------++-------
Melee: Dagger            ||    59
       Punch             ||     1
 Cast: Ensorcelled Hiber ||     3
 Stab: Sleeping          ||     3
Armor: Robe              ||    10
Dodge: Dodged            ||    90

Table legend: (Time is in decaauts)
 A = Elapsed time spent in this place.
 B = Non-inter-level travel time spent in this place.
 C = Inter-level travel time spent in this place.
 D = Time resting spent in this place.
 E = Time spent auto-exploring this place.
 F = Levels seen in this place.
 G = Mean time per level.
                   A        B        C        D        E       F      G
               +--------+--------+--------+--------+--------+-----+--------+
         Total |    887 |    887 |      0 |    582 |     11 |   1 |  887.0 |
       Dungeon |    887 |    887 |      0 |    582 |     11 |   1 |  887.0 |
               +--------+--------+--------+--------+--------+-----+--------+

Top non-repeatable levels by time:
     D:1: 887 daAuts
